 Dungeon Crawl Stone Soup version 0.23-b1-49-g13d5857 (webtiles) character file.

Game seed: 396912126386254041

93 Kairos the Skirmisher (level 4, -2/24 HPs)
             Began as a Vine Stalker Fighter on Feb 3, 2019.
             Splashed by a jelly's acid (4 damage)
             ... on level 3 of the Dungeon.
             The game lasted 00:02:59 (1775 turns).

Kairos the Skirmisher (Vine Stalker Fighter)        Turns: 1775, Time: 00:02:59

Health: -2/24      AC: -2    Str: 19    XL:     4   Next: 61%
Magic:  0/5        EV: 11    Int:  8    God:
Gold:   157        SH:  9    Dex: 14    Spells: 3/3 levels left

rFire    . . .     SeeInvis .   a - +0 war axe
rCold    . . .     Gourm    .   c - +0 shield
rNeg     . . .     Faith    .   n - +0 ring mail (curse)
rPois    .         Spirit   +   (no helmet)
rElec    .         Reflect  .   (no cloak)
rCorr    .         Harm     .   (no gloves)
MR       .....     Rnd*Tele +   (no boots)
Stlth    +.........             (no amulet)
HPRegen  0.48/turn              b - +3 ring of evasion
MPRegen  0.09/turn              l - ring of teleportation (curse)

@: corroded
A: fangs 2, regeneration 1, magic shield, antimagic bite, no potion heal 3, rot
immunity
a: no special abilities


You were on level 3 of the Dungeon.
You were not hungry.

You visited 1 branch of the dungeon, and saw 3 of its levels.

You collected 157 gold pieces.

Inventory:

Hand Weapons
 a - a +0 war axe (weapon)
Armour
 c - a +0 shield (worn)
 j - a +1 ring mail of cold resistance
 k - a +0 chain mail
 n - a cursed +0 ring mail (worn)
Jewellery
 b - a +3 ring of evasion (left hand)
 e - an uncursed ring of flight
 l - a cursed ring of teleportation (right hand)
Scrolls
 i - a scroll of magic mapping {unknown}
 o - a scroll of teleportation {unknown}
 p - a scroll of amnesia {unknown}
 q - a scroll of identify {unknown}
Potions
 d - 4 potions of might
 g - 3 potions of curing {unknown}
 h - a potion of haste {unknown}
 m - a potion of flight {unknown}
 r - a potion of brilliance {unknown}
Comestibles
 f - 6 rations
 s - a chunk of flesh


   Skills:
 + Level 3.2 Fighting
 + Level 2.7 Axes
 + Level 3.0 Armour
 + Level 0.6 Dodging
 + Level 3.1 Shields


You had 3 spell levels left.
You didn't know any spells.
Your spell library was empty.

Dungeon Overview and Level Annotations

Branches:
Dungeon (3/15)

Altars:


Innate Abilities, Weirdness & Mutations

You have extremely sharp teeth.
Your natural rate of healing is unusually fast.
When hurt, damage is shared between your health and your magic reserves.
Your bite disrupts and absorbs the magic of your enemies.
Potions cannot restore your health.
You are immune to rotting.


Message History

You are too injured to fight recklessly!
You are too injured to fight recklessly!
You are too injured to fight recklessly!
You are too injured to fight recklessly!
You are too injured to fight recklessly!
You are too injured to fight recklessly!
A jelly is nearby!
You hit the jelly.
Your hands burn!
The jelly is almost dead.
The jelly barely misses you.
You hit the jelly but do no damage.
Your hands burn!
You bite the jelly, but do no damage.
The jelly is almost dead.
The jelly hits you.
* * * LOW HITPOINT WARNING * * *
You are splashed with acid.
* * * LOW HITPOINT WARNING * * *
You block the jelly's attack.
You hit the jelly but do no damage.
Your hands burn!
You die...

#####.#### #..## #...##
#######.#..#
#.......##.# #
#.####÷'#### .
#.#........### .#
#.#........#...#### #.#
#.#..8≈≈...##..J@.##..#
#.'..≈..≈..+..###.#..#
#.'..≈..≈..+
###...#####
###...≈≈8..#
#..........
#........####..........
#........#.............
####''####.############
#.......# #########


You could see a jelly.

Vanquished Creatures
  2 adders
  2 oozes
  3 worms
  4 dart slugs
  2 leopard geckos
  A giant cockroach (D:2)
  3 hobgoblins
  8 jackals
  6 bats
  A frilled lizard (D:1)
  3 goblins (D:1)
  7 kobolds
  5 rats
47 creatures vanquished.

Notes
Turn   | Place    | Note
-------+----------+-------------------------------------------
     0 | D:1      | Kairos the Vine Stalker Fighter began the quest for the
                  | Orb.
     0 | D:1      | Reached XP level 1. HP: 11/11 MP: 2/2
   119 | D:1      | Reached XP level 2. HP: 8/16 MP: 3/3
   263 | D:1      | Reached XP level 3. HP: 6/20 MP: 4/4
  1407 | D:2      | Gained mutation: Your natural rate of healing is unusually
                  | fast. [Vine Stalker growth]
  1407 | D:2      | Reached XP level 4. HP: 13/24 MP: 3/5
  1775 | D:3      | Splashed by a jelly's acid

Skill      XL: |  1  2  3  4 |
---------------+-------------+-----
Shields        | 3 |  3.1
Fighting       | 3 |  3.2
Axes           | 2 |  2.7
Armour         | 3 |  3.0
Dodging        | |  0.6

Action                   |  1- 3 |  4- 6 || total
-------------------------+-------+-------++-------
Melee: War axe           |   116 |    38 ||   154
       Bite              |    35 |     9 ||    44
  Use: Scroll            |     4 |       ||     4
  Eat: Chunk             |     2 |     1 ||     3
Armor: Scale mail        |    36 |       ||    36
       Ring mail         |    39 |    10 ||    49
Dodge: Dodged            |    58 |    18 ||    76
Block: Shield            |    63 |    24 ||    87
